 Dungeon Crawl Stone Soup version 0.26-a0-466-g989023bd0d (webtiles) character file.

Game seed: 12620418917839786237

264 Apogee the Chopper (level 5, 0/49 HPs)
             Began as a Deep Dwarf Fighter on Aug 1, 2020.
             Was an Initiate of Makhleb.
             Slain by an ogre
             ... wielding a +0 giant club
              (20 damage)
             ... on level 5 of the Dungeon.
             The game lasted 00:03:38 (2722 turns).

Apogee the Chopper (Deep Dwarf Fighter)             Turns: 2722, Time: 00:03:38

Health: 0/49       AC:  8    Str: 21    XL:     5   Next: 98%
Magic:  5/5        EV:  7    Int:  8    God:    Makhleb [......]
Gold:   144        SH:  9    Dex: 12    Spells: 4/4 levels left

rFire    . . .     SeeInvis .   a - +0 war axe
rCold    . . .     Faith    .   c - +0 kite shield
rNeg     . . .     Spirit   .   b - +0 scale mail
rPois    .         Reflect  .   (no helmet)
rElec    .         Harm     .   r - +0 cloak
rCorr    .                      (no gloves)
MR       .....                  (no boots)
Stlth    ..........             (no amulet)
HPRegen  0.00/turn              (no ring)
MPRegen  0.09/turn              (no ring)

@: non-regenerating
A: damage resistance, heal wounds, sense surroundings 1, no regeneration
a: Heal Wounds, Renounce Religion


You were on level 5 of the Dungeon.
You worshipped Makhleb.
Makhleb was noncommittal.
You visited 2 branches of the dungeon, and saw 6 of its levels.

You collected 144 gold pieces.

Inventory:

Hand Weapons
 a - a +0 war axe (weapon)
Armour
 b - a +0 scale mail (worn)
 c - a +0 kite shield (worn)
 n - a scarf of shadows
   (You found it on level 3 of the Dungeon)
 r - a +0 cloak (worn)
   (You found it on level 4 of the Dungeon)
Jewellery
 l - an uncursed amulet of guardian spirit {unknown}
   (You found it on level 2 of the Dungeon)
Wands
 x - a wand of acid (2)
   (You found it on level 3 of the Dungeon)
Scrolls
 e - 3 scrolls of teleportation {unknown}
 g - 5 scrolls of identify {unknown}
 h - 3 scrolls of remove curse {unknown}
 i - 4 scrolls of magic mapping {unknown}
 j - 3 scrolls of amnesia {unknown}
 k - 3 scrolls of blinking {unknown}
 m - 2 scrolls of enchant armour {unknown}
 o - a scroll of enchant weapon {unknown}
Potions
 d - 3 potions of might
 f - 4 potions of curing {unknown}
 p - a potion of berserk rage {unknown}
 q - a potion of haste {@q3}


   Skills:
 + Level 3.6 Fighting
 * Level 4.7 Axes
 + Level 4.4 Armour
 + Level 4.3 Shields


You had 4 spell levels left.
You didn't know any spells.
Your spell library was empty.

Dungeon Overview and Level Annotations

Branches:
Dungeon (5/15)             Temple (1/1) D:4

Altars:
Elyvilon
Hepliaklqana
Makhleb
Trog
Yredelemnul
Zin

Shops:
D:4 [

Annotations:
D:3 3 runed translucent doors, Crazy Yiuf; Flugkiller's ghost, amateur DrEE


Innate Abilities, Weirdness & Mutations

You are resistant to damage.
You can heal yourself by infusing magical energy.
You passively map a small area around you.
You do not regenerate.


Message History

There is a staircase back to the Dungeon here.
You climb upwards.
Welcome back to the Dungeon!
There is a staircase to the Ecumenical Temple here.
There is an entrance to Zisamn's Antique Armour Shoppe here.
A worker ant comes into view.
The worker ant twitches its antennae in your direction.
A worker ant is nearby!
A worker ant is nearby!
A worker ant is nearby!
You hit the worker ant but do no damage.
You block the worker ant's attack. The worker ant bites you.
You slash the worker ant! The worker ant bites you.
You slash the worker ant!
You kill the worker ant!
Makhleb accepts your kill.
No target in view!
Done exploring.
Done exploring.
Done exploring.
Done exploring.
Done exploring.
There is a stone staircase leading down here.
You climb downwards.
Found a scroll labeled SIZXUNN PESCHAWI.
There is a stone staircase leading up here.
g - 5 scrolls labeled SIZXUNN PESCHAWI (gained 1)
You open the door.
An ogre comes into view. It is wielding a +0 giant club.
The ogre shouts!
Found an escape hatch in the floor.
An ogre is nearby!
An ogre is nearby!
The ogre hits you with a +0 giant club!
* * * LOW HITPOINT WARNING * * *
There is an open door, spattered with blood here.
You feel much better.
You hit the ogre. The ogre barely misses you.
You barely miss the ogre. The ogre hits you with a +0 giant club.
You barely miss the ogre. The ogre hits you with a +0 giant club.
* * * LOW HITPOINT WARNING * * *
You slash the ogre! You block the ogre's attack.
You slash the ogre! The ogre barely misses you.
Your scale mail prevents you from hitting the ogre.
You block the ogre's attack.
You completely miss the ogre. The ogre hits you with a +0 giant club!
* * * LOW HITPOINT WARNING * * *
You block the ogre's attack.
You hit the ogre but do no damage.
The ogre hits you with a +0 giant club!!
You die...

, #######, *
, ####.....#
* *,
#.....##.# ,
, #.....<#.#
#......#.#,
#......#.# *
* ####.#...#
* #@##### *
#..O.......#
#...>.######
#.....#
####### * ,*
*


You could see an ogre.

Vanquished Creatures
  A hound (D:3)
  An orc priest (D:4)
  Terence (D:3)
  2 worker ants (D:4)
  5 adders
  3 worms
  3 dart slugs
  3 leopard geckos
  4 orcs
  7 bats
  4 giant cockroaches
  7 goblins
  6 hobgoblins
  A quokka (D:2)
  7 frilled lizards
  13 kobolds
  2 rats
70 creatures vanquished.

Notes
Turn   | Place    | Note
-------+----------+-------------------------------------------
     0 | D:1      | Apogee the Deep Dwarf Fighter began the quest for the Orb.
     0 | D:1      | Reached XP level 1. HP: 20/20 MP: 1/1
   179 | D:1      | Reached XP level 2. HP: 24/27 MP: 2/2
   709 | D:3      | Reached XP level 3. HP: 28/33 MP: 3/3
   867 | D:2      | Reached XP level 4. HP: 39/42 MP: 4/4
  1481 | D:3      | Found a large runed translucent door.
  1485 | D:3      | Found a large runed translucent door.
  1485 | D:3      | Noticed Flugkiller's ghost (amateur DrEE)
  1497 | D:3      | Found a faded altar of an unknown god.
  1527 | D:3      | Noticed Terence
  1572 | D:3      | Killed Terence
  1572 | D:3      | Reached XP level 5. HP: 20/49 MP: 5/5
  1757 | D:3      | Found a runed translucent door.
  1758 | D:3      | Noticed Crazy Yiuf
  2208 | D:4      | Found a basalt altar of Yredelemnul.
  2319 | D:4      | Found a glowing silver altar of Zin.
  2330 | D:4      | Found a staircase to the Ecumenical Temple.
  2335 | D:4      | Found Zisamn's Antique Armour Shoppe.
  2391 | D:4      | Found a white marble altar of Elyvilon.
  2524 | Temple   | Entered the Ecumenical Temple
  2551 | Temple   | Became a worshipper of Makhleb the Destroyer
  2695 | D:5      | Entered Level 5 of the Dungeon
  2712 | D:5      | Noticed an ogre
  2722 | D:5      | Slain by an ogre

Illustrated notes

Levels and vault maps discovered:
D:1:      minmay_arrival_shattered_statue, layout_basic,
          kennysheep_decorative_pillar, hangedman_decor_riveting,
          hangedman_decor_slide_cut
D:2:      layout_basic
D:3:      layout_loops_ring, chequers_ecumenical_altar_island,
          ebering_ghost_disaster_area, minmay_misc_feat_ornament, uniq_terence,
          uniq_crazy_yiuf_cottage
D:4:      layout_basic, kennysheep_ying_yang, nicolae_overflow_hidden_temple,
          minmay_temple_entry_drinking_statues, serial_shops, shop
D:5:      layout_basic
Temple:   dpeg_chambers_temple

Skill      XL: |  1  2  3  4 |
---------------+-------------+-----
Axes           | 3 4 |  4.7
Fighting       | 3 |  3.6
Armour         | 4 |  4.4
Shields        | 4 |  4.3

Action                   |  1- 3 |  4- 6 || total
-------------------------+-------+-------++-------
Melee: War axe           |   115 |   153 ||   268
 Abil: Heal Wounds       |     1 |     3 ||     4
Armor: Scale mail        |    50 |    57 ||   107
Dodge: Dodged            |    47 |    34 ||    81
Block: Kite shield       |    60 |    65 ||   125

Table legend: (Time is in decaauts)
 A = Elapsed time spent in this place.
 B = Non-inter-level travel time spent in this place.
 C = Inter-level travel time spent in this place.
 D = Time resting spent in this place.
 E = Time spent auto-exploring this place.
 F = Levels seen in this place.
 G = Mean time per level.
                   A        B        C        D        E       F      G
               +--------+--------+--------+--------+--------+-----+--------+
         Total |   2834 |   2709 |    125 |      0 |   2000 |   6 |  472.3 |
       Dungeon |   2798 |   2689 |    109 |      0 |   1983 |   5 |  559.6 |
        Temple |     35 |     19 |     16 |      0 |     17 |   1 |   35.0 |
               +--------+--------+--------+--------+--------+-----+--------+

Top non-repeatable levels by time:
     D:3: 831 daAuts
     D:4: 756 daAuts
     D:1: 685 daAuts
     D:2: 496 daAuts
  Temple: 35 daAuts
     D:5: 29 daAuts
